 Dungeon Crawl Stone Soup version 0.26-a0-812-g31a745ddcd (webtiles) character file.

Game seed: 5063685071210077732

364 nicanaca0 the Sneak (level 6, -2/28 HPs)
             Began as a Spriggan Enchanter on Nov 22, 2020.
             Slain by an ogre
             ... wielding a +0 giant club
              (7 damage)
             ... on level 3 of the Dungeon.
             The game lasted 00:09:50 (5784 turns).

nicanaca0 the Sneak (Spriggan Enchanter)            Turns: 5784, Time: 00:09:51

Health: -2/28      AC:  2    Str:  5    XL:     6   Next: 39%
Magic:  0/13       EV: 18    Int: 18    God:
Gold:   131        SH:  0    Dex: 16    Spells: 10/13 levels left

rFire    . . .     SeeInvis +   s - +0 dagger (holy)
rCold    . . .     Faith    .   (shield restricted)
rNeg     . . .     Spirit   .   b - +0 robe
rPois    .         Reflect  .   (helmet restricted)
rElec    .         Harm     .   (no cloak)
rCorr    .         Rampage  .   (gloves unavailable)
MR       +....                  (boots unavailable)
Stlth    ++++......             (no amulet)
HPRegen  0.09/turn              (no ring)
MPRegen  0.13/turn              (no ring)

@: very quick
A: very small, unfitting armour, see invisible, speed 3
a: no special abilities


You were on level 3 of the Dungeon.
You visited 1 branch of the dungeon, and saw 5 of its levels.

You collected 131 gold pieces.

Inventory:

Hand Weapons
 a - a +1 dagger
 k - a +0 hunting sling
 s - a +0 dagger of holy wrath (weapon)
Missiles
 r - a poisoned dart (quivered)
Armour
 b - a +0 robe (worn)
Wands
 p - a wand of paralysis (6)
Scrolls
 c - 3 scrolls of teleportation {unknown}
 d - 4 scrolls of remove curse {unknown}
 e - 2 scrolls of enchant weapon {unknown}
 f - 3 scrolls of blinking {unknown}
 g - 2 scrolls of amnesia {unknown}
 j - a scroll of identify {unknown}
 n - a scroll of random uselessness {unknown}
Potions
 h - a potion of invisibility {unknown}
 i - 3 potions of curing {unknown}
 l - 2 potions of mutation {unknown}
 m - 4 potions of heal wounds {unknown}
 o - a potion of ambrosia {unknown}
 q - a potion of degeneration {unknown}


   Skills:
 - Level 1.1 Short Blades
 - Level 3.0 Dodging
 * Level 7.8 Stealth
 + Level 4.3 Spellcasting
 * Level 6.2 Hexes


You had 10 spell levels left.
You knew the following spells:

 Your Spells              Type           Power        Failure   Level
a - Corona                Hex            ####...      1%          1
b - Ensorcelled Hibernat  Hex/Ice        ###...       6%          2

Your spell library contained the following spells:

 Spells                   Type           Power        Failure   Level
 Confusing Touch          Hex            ####....     3%          3
 Tukima's Dance           Hex            ####....     3%          3
 Dazzling Flash           Conj/Hex       ###...       12%         3


Dungeon Overview and Level Annotations

Branches:
Dungeon (5/15)
 Temple: D:4-7

Altars:


Innate Abilities, Weirdness & Mutations

You are very small and have problems with some larger weapons.
You are too small for most types of armour.
You have supernaturally acute eyesight. (SInv)
You cover ground extremely quickly.


Message History

Aiming: Ensorcelled Hibernation (safe; 6% risk of failure)
Press: ? - help, Shift-Dir - straight line, f/p - ogre
Aim: an ogre, wielding a +0 giant club (lightly wounded, chance to defeat MR: 46%)
The ogre resists with some effort.
The orc barely misses you.
Your magical contamination has completely faded away.
You hit the ogre but do no damage.
The ogre is lightly wounded.
The ogre closely misses you. The orc barely misses you.
Casting: Ensorcelled Hibernation (safe; 6% risk of failure)
Confirm with . or Enter, or press ? or * to list all spells.
Aiming: Ensorcelled Hibernation (safe; 6% risk of failure)
Press: ? - help, Shift-Dir - straight line, f/p - ogre
Aim: an ogre, wielding a +0 giant club (lightly wounded, chance to defeat MR: 46%)
The ogre resists with some effort.
The ogre closely misses you.
The orc hits you with a +0 dagger of holy wrath.
* * * LOW HITPOINT WARNING * * *
You hit the ogre.
The ogre is moderately wounded.
The ogre hits you with a +0 giant club!
You die...

#.#####..# #
#........######
#..............
#..###.########
#..# #.# ####..#
#.# #### #oo...#
#.# #... #o##.)#
#.# #g## #@##..#
#.# #.#
#O##..###.#####.##
#.##...).....)....
#.##.####.##.##.##
#...............#
####..###.##.####
##.# #.##.#####
#.# #........# #.#
####.###.#


You could see an ogre and 3 orcs.

Vanquished Creatures
  A bullfrog (D:3)
  Natasha (thrice) (D:2)
  A hound skeleton (D:3)
  4 gnolls (D:3)
  6 adders
  4 dart slugs
  2 leopard geckos
  13 orcs (D:3)
  7 giant cockroaches
  8 hobgoblins
  4 jackals (D:2)
  12 kobolds
  4 quokkas
  8 bats
  6 frilled lizards
  9 goblins
  9 rats
101 creatures vanquished.

Notes
Turn   | Place    | Note
-------+----------+-------------------------------------------
     0 | D:1      | nicanaca0 the Spriggan Enchanter began the quest for the
                  | Orb.
     0 | D:1      | Reached XP level 1. HP: 9/9 MP: 5/5
   269 | D:1      | Reached XP level 2. HP: 10/13 MP: 4/6
   294 | D:1      | Learned a level 2 spell: Ensorcelled Hibernation
   371 | D:1      | Reached skill level 5 in Stealth
  1403 | D:1      | Reached XP level 3. HP: 16/16 MP: 2/8
  1698 | D:2      | Noticed Natasha
  1718 | D:2      | Killed Natasha
  1718 | D:2      | Reached XP level 4. HP: 18/21 MP: 1/10
  1909 | D:2      | Reached skill level 6 in Stealth
  2062 | D:2      | Noticed Natasha
  2070 | D:2      | Killed Natasha
  2070 | D:2      | Reached skill level 5 in Hexes
  2281 | D:2      | Noticed Natasha
  2470 | D:2      | Killed Natasha
  2470 | D:2      | Reached XP level 5. HP: 13/24 MP: 0/11
  3528 | D:3      | You fall into a shaft and drop 2 floors!
  3528 | D:5      | Entered Level 5 of the Dungeon
  3558 | D:4      | Noticed an ogre
  3788 | D:3      | Reached skill level 7 in Stealth
  5036 | D:3      | Reached XP level 6. HP: 28/28 MP: 10/13
  5784 | D:3      | Slain by an ogre

Illustrated notes

Levels and vault maps discovered:
D:1:      dpeg_arrival_subterranean_lakeside_camping, layout_basic,
          grunt_decor_mini_mirrors, minmay_bisected
D:2:      layout_basic, minmay_domino_2, uniq_natasha
D:3:      layout_loops_ring
D:4:      layout_rooms, lemuel_crystal_altar, hangedman_feature_mirror,
          kennysheep_boxes, uniq_blork_the_orc
D:5:      layout_rooms, serial_shops, nicolae_shop_statue_plus, shop,
          shop_fountains, hangedman_glass_teeth, fedhas_altar_fruit_tree

Skill      XL: |  1  2  3  4  5  6 |
---------------+-------------------+-----
Hexes          | 4 5 6 |  6.2
Stealth        | 5 6 7 |  7.8
Spellcasting   | 3 4 |  4.3
Short Blades   | |  1.1
Dodging        | |  3.0

Action                   |  1- 3 |  4- 6 || total
-------------------------+-------+-------++-------
Melee: Dagger            |   114 |   220 ||   334
Throw: Dart              |       |     3 ||     3
 Cast: Corona            |    19 |    12 ||    31
       Ensorcelled Hiber |    13 |    82 ||    95
 Stab: Sleeping          |    16 |    46 ||    62
       Distracted        |       |     1 ||     1
Armor: Robe              |    13 |    19 ||    32
Dodge: Dodged            |   125 |   226 ||   351

Table legend: (Time is in decaauts)
 A = Elapsed time spent in this place.
 B = Non-inter-level travel time spent in this place.
 C = Inter-level travel time spent in this place.
 D = Time resting spent in this place.
 E = Time spent auto-exploring this place.
 F = Levels seen in this place.
 G = Mean time per level.
                   A        B        C        D        E       F      G
               +--------+--------+--------+--------+--------+-----+--------+
         Total |   4667 |   4601 |     66 |    782 |   2811 |   5 |  933.4 |
       Dungeon |   4667 |   4601 |     66 |    782 |   2811 |   5 |  933.4 |
               +--------+--------+--------+--------+--------+-----+--------+

Top non-repeatable levels by time:
     D:3: 1639 daAuts
     D:2: 1635 daAuts
     D:1: 1343 daAuts
     D:4: 44 daAuts
     D:5: 4 daAuts
